AoeStats
← MikmasH

Arabia

506156296Analyzed
1v1 RM · 19d ago on Sep 12, 2026· 40m 44s· 2 players
Game mode
Random Map
Map size
Tiny (2 player)
Population
200
Speed
Normal
Resources
Standard
Victory
Conquest
Starting age
Dark Age
Ending age
Imperial Age
RankedLock teamsTeams togetherTeam positionsShared explorationLock speedFull tech treeHidden civsTurbo modeCheats
Victory
Defeat
🇵🇾 Persians · Paraguay
929
+15
🇨🇿 Portuguese · Czechia
910
-15
MikmasH
8:28 Loom
10:15 Feudal Age
14:56 Castle Age
13:10 Horse Collar
27:09 Double-Bit Axe
28:06 Wheelbarrow
29:27 Scale Barding Armor
29:37 Bloodlines
28:50 Light Cavalry
29:37 Husbandry
30:07 Forging
31:51 Bow Saw
32:56 Chain Barding Armor
36:50 Imperial Age
35:17 Iron Casting
35:42 Hand Cart
35:13 Town Watch
39:10 Cavalier
41:31 Plate Barding Armor
Raston
8:54 Feudal Age
10:01 Double-Bit Axe
12:04 Loom
16:40 Wheelbarrow
15:50 Horse Collar
19:48 Castle Age
21:06 Bow Saw
22:26 Heavy Plow
24:15 Hand Cart
24:56 Town Watch
25:09 Gold Mining
30:15 Fletching
33:14 Imperial Age
34:50 Chemistry
34:56 Bloodlines
34:07 Light Cavalry
35:53 Bodkin Arrow
36:21 Ballistics
36:37 Scale Barding Armor
36:43 Forging
38:24 Chain Barding Armor
38:04 Town Watch
38:51 Crop Rotation
39:03 Conscription
Connection lost

Rejoining the realm…

Still unreachable

The connection could not be restored.

Session expired

The server has moved on; the page needs a fresh start.